 Dungeon Crawl Stone Soup version 0.30-a0-860-g512cf1e979 (webtiles) character file.

Game seed: 17953687112770910996

513 Maxmaps the Ducker (level 7, -15/60 HPs)
             Began as a Gnoll Monk on Mar 7, 2023.
             Demolished by an ogre
             ... wielding a +0 giant club
              (31 damage)
             ... on level 5 of the Dungeon.
             The game lasted 00:03:02 (3561 turns).

Maxmaps the Ducker (Gnoll Monk)                     Turns: 3561, Time: 00:03:02

Health: -15/60     AC: 13    Str: 10    XL:     7   Next: 19%
Magic:  10/10      EV:  3    Int: 12    God:
Gold:   210        SH:  0    Dex: 14    Spells: 10/10 levels left

rFire   . . .      SeeInvis .    r - +1 falchion (elec)
rCold   . . .      Faith    .    (no shield)
rNeg    . . .      Spirit   .    s - +0 plate armour
rPois   .          Reflect  .    w - +0 helmet
rElec   .          Rampage  .    (no cloak)
rCorr   .                        d - +0 pair of gloves
Will    .....                    (no boots) Stlth
                                 (no amulet)
HPRegen 0.30/turn                (no ring)
MPRegen 0.12/turn                (no ring)

@: no status effects
A: fangs 1, strong nose, distributed training
a: no special abilities


You were on level 5 of the Dungeon.
You visited 1 branch of the dungeon, and saw 5 of its levels.

You collected 210 gold pieces.

Inventory:

Hand Weapons
 a - a +0 falchion
 r - a +1 falchion of electrocution (weapon)
Missiles
 e - 3 curare-tipped darts (quivered)
Armour
 d - a +0 pair of gloves (worn)
 s - a +0 plate armour (worn)
 w - a +0 helmet (worn)
Wands
 n - a wand of digging (4)
Scrolls
 b - a scroll of poison {unknown}
 f - 10 scrolls of identify {unknown}
 g - 3 scrolls of immolation {unknown}
 h - 5 scrolls of teleportation {unknown}
 i - a scroll of torment {unknown}
 m - a scroll of noise {unknown}
 t - a scroll of amnesia {unknown}
 x - a scroll of fear {unknown}
 y - a scroll of silence {unknown}
Potions
 c - 2 potions of ambrosia
 j - a potion of heal wounds {unknown}
 k - a potion of haste {unknown}
 l - a potion of mutation {unknown}
 o - a potion of brilliance {unknown}
 p - a potion of attraction {unknown}
 q - 2 potions of lignification {unknown}
 u - 2 potions of might {unknown}
Miscellaneous
 v - a lightning rod (4/4)


   Skills:
 + Level 7.0 Fighting
 + Level 2.4 Short Blades
 + Level 7.0 Long Blades
 + Level 2.4 Axes
 + Level 2.4 Maces & Flails
 + Level 2.4 Polearms
 + Level 2.4 Staves
 + Level 2.4 Ranged Weapons
 + Level 2.4 Throwing
 + Level 2.4 Armour
 + Level 7.0 Dodging
 + Level 4.9 Stealth
 + Level 2.4 Shields
 + Level 2.4 Unarmed Combat
 + Level 2.4 Spellcasting
 + Level 2.0 Conjurations
 + Level 2.0 Hexes
 + Level 2.0 Summonings
 + Level 2.0 Necromancy
 + Level 2.0 Translocations
 + Level 2.0 Transmutations
 + Level 2.0 Fire Magic
 + Level 2.0 Ice Magic
 + Level 2.0 Air Magic
 + Level 2.0 Earth Magic
 + Level 2.0 Poison Magic
 + Level 2.7 Invocations
 + Level 2.4 Evocations


You had 10 spell levels left.
You didn't know any spells.
Your spell library contained the following spells:

 Spells                   Type           Power      Damage    Failure   Level
 Ensorcelled Hibernation  Hex/Ice        12%        N/A       100%        2
 Passwall                 Tmut/Erth      5%         N/A       100%        2
 Swiftness                Air            6%         N/A       100%        3


Dungeon Overview and Level Annotations

Branches:
Dungeon (5/15)
 Temple: D:4-7

Altars:
Makhleb
Yredelemnul


Innate Abilities, Weirdness & Mutations

You have very sharp teeth.
Your uncanny sense of smell can sniff out nearby items.
Your experience applies equally to all skills.


Message History

You hit the ufetubus but do no damage. Your bite misses the ufetubus.
The ufetubus hits you but does no damage. x2
You hit the ufetubus.
The ufetubus is severely wounded.
The ufetubus completely misses you.
The ufetubus hits you but does no damage.
The ufetubus hits you.
The ufetubus hits you but does no damage.
You hit the ufetubus. Lightning courses through the ufetubus!
You kill the ufetubus!
You hit the ogre.
The ogre is lightly wounded.
The ogre hits you with a +0 giant club!
You hit the ogre.
The ogre is lightly wounded.
You slash the ogre! Lightning courses through the ogre! You bite the ogre.
The ogre is almost dead.
The ogre hits you with a +0 giant club!!
* * * LOW HITPOINT WARNING * * *
You are too injured to fight recklessly!
You are too injured to fight recklessly!
You are too injured to fight recklessly!
You are too injured to fight recklessly!
You are too injured to fight recklessly!
You are too injured to fight recklessly!
You are too injured to fight recklessly!
You are too injured to fight recklessly!
You are too injured to fight recklessly!
You are too injured to fight recklessly!
You are too injured to fight recklessly!
You are too injured to fight recklessly!
You are too injured to fight recklessly!
You are too injured to fight recklessly!
You are too injured to fight recklessly!
You are too injured to fight recklessly!
You barely miss the ogre.
The ogre is almost dead.
The ogre hits you with a +0 giant club!!
Ouch! That really hurt!
You die...

# #######.# ##.......# #
#......... . ####.........
#.# #...))....... ##.##
#.#..........
#######...#####...)........
..........P.##.O@..........
.......~~~~......##########
........~~≈......#
.......~~~~......#
........~~~......#
.........~P....(.#
....###..........# ###.#
#..........# ..).#
#..........#


You could see an ogre.

Vanquished Creatures
  A scorpion (D:3)
  The ghost of Newt the Trooper, a weakling DsGl (D:3)
  A howler monkey (D:5)
  A hound (D:3)
  A sleepcap (D:4)
  Ijyb (D:3)
  Terence (D:3)
  3 iguanas (D:4)
  A scorpion zombie (D:5)
  Robin (D:4)
  5 adders
  An ufetubus (D:5)
  3 dart slugs
  8 orcs
  4 ball pythons
  7 bats
  5 endoplasms
  A giant cockroach (D:4)
  15 goblins
  10 hobgoblins
  8 jackals
  3 quokkas
  A ball python zombie (D:3)
  2 frilled lizards
  A jackal zombie (D:3)
  5 kobolds
  3 rats
94 creatures vanquished.

Vanquished Creatures (others)
  A withered plant (D:5)
1 creature vanquished.

Grand Total: 95 creatures vanquished

Notes
Turn   | Place    | Note
-------+----------+-------------------------------------------
     0 | D:1      | Maxmaps the Gnoll Monk began the quest for the Orb.
     0 | D:1      | Reached XP level 1. HP: 23/23 MP: 1/1
    55 | D:1      | Reached XP level 2. HP: 27/29 MP: 2/2
   407 | D:1      | Reached XP level 3. HP: 28/35 MP: 3/3
   717 | D:1      | Reached skill level 1 in Invocations
  1072 | D:2      | Reached skill level 1 in Short Blades
  1072 | D:2      | Reached skill level 1 in Axes
  1072 | D:2      | Reached skill level 1 in Maces & Flails
  1072 | D:2      | Reached skill level 1 in Polearms
  1072 | D:2      | Reached skill level 1 in Staves
  1072 | D:2      | Reached skill level 1 in Ranged Weapons
  1072 | D:2      | Reached skill level 1 in Throwing
  1072 | D:2      | Reached skill level 1 in Armour
  1072 | D:2      | Reached skill level 1 in Shields
  1072 | D:2      | Reached skill level 1 in Unarmed Combat
  1072 | D:2      | Reached skill level 1 in Spellcasting
  1072 | D:2      | Reached skill level 1 in Evocations
  1187 | D:2      | Reached XP level 4. HP: 40/41 MP: 5/5
  1827 | D:3      | Found a runed translucent gate.
  1827 | D:3      | Found a runed translucent gate.
  1827 | D:3      | Found a runed translucent gate.
  1827 | D:3      | Noticed Newt's ghost (weakling DsGl)
  1829 | D:3      | Found a basalt altar of Yredelemnul.
  1877 | D:3      | Noticed a scorpion
  1888 | D:3      | Killed a scorpion
  1889 | D:3      | Reached skill level 1 in Conjurations
  1889 | D:3      | Reached skill level 1 in Hexes
  1889 | D:3      | Reached skill level 1 in Summonings
  1889 | D:3      | Reached skill level 1 in Necromancy
  1889 | D:3      | Reached skill level 1 in Translocations
  1889 | D:3      | Reached skill level 1 in Transmutations
  1889 | D:3      | Reached skill level 1 in Fire Magic
  1889 | D:3      | Reached skill level 1 in Ice Magic
  1889 | D:3      | Reached skill level 1 in Air Magic
  1889 | D:3      | Reached skill level 1 in Earth Magic
  1889 | D:3      | Reached skill level 1 in Poison Magic
  1889 | D:3      | Reached XP level 5. HP: 39/47 MP: 5/7
  2186 | D:3      | Noticed Terence
  2194 | D:3      | Killed Terence
  2196 | D:3      | Noticed Ijyb
  2202 | D:3      | Killed Ijyb
  2274 | D:3      | Reached XP level 6. HP: 53/53 MP: 8/8
  2558 | D:3      | Killed Newt's ghost
  2690 | D:4      | Found a burning altar of Makhleb.
  2830 | D:4      | Noticed Robin
  2858 | D:4      | Killed Robin
  3238 | D:4      | Noticed a cacodemon
  3242 | D:4      | Noticed a smoke demon
  3242 | D:4      | Noticed a neqoxec
  3408 | D:5      | Entered Level 5 of the Dungeon
  3461 | D:5      | Reached XP level 7. HP: 55/60 MP: 10/10
  3561 | D:5      | Demolished by an ogre

Illustrated notes

Levels and vault maps discovered:
D:1:      reono_arrival_forest_river, layout_loops_ring,
          chequers_serial_rivers_micro_d, minmay_bisected
D:2:      layout_loops_corners
D:3:      layout_loops_ring, nicolae_yredelemnul_ghost_church, uniq_terence,
          uniq_ijyb
D:4:      kennysheep_big_flooded_room, layout_loops_ring,
          makhleb_altar_promises_db, nicolae_goblin_pals, uniq_robin
D:5:      minmay_evil_eye, layout_basic, lemuel_coloured_pillars_altar,
          serial_undead, serial_undead_c, serial_undead_d, serial_undead_b,
          serial_undead_f

Skill      XL: |  1  2  3  4  5  6  7 |
---------------+----------------------+-----
Invocations    | 1 2 |  2.7
Short Blades   | 1 2 |  2.4
Axes           | 1 2 |  2.4
Maces & Flails | 1 2 |  2.4
Polearms       | 1 2 |  2.4
Staves         | 1 2 |  2.4
Ranged Weapons | 1 2 |  2.4
Throwing       | 1 2 |  2.4
Armour         | 1 2 |  2.4
Shields        | 1 2 |  2.4
Unarmed Combat | 1 2 |  2.4
Spellcasting   | 1 2 |  2.4
Evocations     | 1 2 |  2.4
Conjurations   | 1 2 |  2.0
Hexes          | 1 2 |  2.0
Summonings     | 1 2 |  2.0
Necromancy     | 1 2 |  2.0
Translocations | 1 2 |  2.0
Transmutations | 1 2 |  2.0
Fire Magic     | 1 2 |  2.0
Ice Magic      | 1 2 |  2.0
Air Magic      | 1 2 |  2.0
Earth Magic    | 1 2 |  2.0
Poison Magic   | 1 2 |  2.0
Fighting       | 7 |  7.0
Long Blades    | 7 |  7.0
Dodging        | 7 |  7.0
Stealth        | |  4.9

Action                     |  1- 3 |  4- 6 |  7- 9 || total
---------------------------+-------+-------+-------++-------
  Melee: Falchion          |    91 |   152 |    31 ||   274
         Bite              |     4 |    15 |     4 ||    23
         Punch             |     1 |     4 |     1 ||     6
   Stab: Sleeping          |     9 |     1 |       ||    10
 Armour: Robe              |    25 |     3 |       ||    28
         Chain mail        |       |    23 |       ||    23
         Plate armour      |       |    61 |    35 ||    96
  Dodge: Dodged            |    89 |    26 |     5 ||   120

Table legend: (Time is in decaauts)
 A = Elapsed time spent in this place.
 B = Non-inter-level travel time spent in this place.
 C = Inter-level travel time spent in this place.
 D = Time resting spent in this place.
 E = Time spent auto-exploring this place.
 F = Levels seen in this place.
 G = Mean time per level.
                   A        B        C        D        E       F      G
               +--------+--------+--------+--------+--------+-----+--------+
         Total |   3560 |   3432 |    128 |    130 |   2639 |   5 |  712.0 |
       Dungeon |   3560 |   3432 |    128 |    130 |   2639 |   5 |  712.0 |
               +--------+--------+--------+--------+--------+-----+--------+

Top non-repeatable levels by time:
     D:2: 894 daAuts
     D:3: 874 daAuts
     D:1: 857 daAuts
     D:4: 783 daAuts
     D:5: 150 daAuts
